 Dungeon Crawl Stone Soup version 0.26-a0-665-gefeb406119 (console) character file.

Game seed: 15199197700485902543

74 om the Skirmisher (level 4, -4/73 HPs)
             Began as an Ogre Berserker on Oct 14, 2020.
             Was a Follower of Trog.
             Shot with an arrow by a centaur (9 damage)
             ... on level 2 of the Dungeon.
             The game lasted 00:01:38 (1481 turns).

om the Skirmisher (Ogre Berserker)                  Turns: 1481, Time: 00:01:39

Health: -4/73      AC:  3    Str: 22    XL:     4   Next: 28%
Magic:  4/4        EV: 10    Int:  8    God:    Trog [*.....]
Gold:   26         SH:  0    Dex:  8    Spells: 3/3 levels left

rFire    . . .     SeeInvis .   a - +0 mace
rCold    . . .     Faith    .   (no shield)
rNeg     . . .     Spirit   .   b - +0 animal skin
rPois    .         Reflect  .   (helmet restricted)
rElec    .         Harm     .   (no cloak)
rCorr    .         Rampage  .   (gloves unavailable)
MR       .....                  (boots unavailable)
Stlth    ..........             (no amulet)
HPRegen  0.22/turn              (no ring)
MPRegen  0.09/turn              (no ring)

@: berserking, very quick
A: large, unfitting armour, tough skin 1
a: Berserk, Renounce Religion


You were on level 2 of the Dungeon.
You worshipped Trog.
Trog was aware of your devotion.
You visited 1 branch of the dungeon, and saw 2 of its levels.

You collected 26 gold pieces.

Inventory:

Hand Weapons
 a - a +0 mace (weapon)
Armour
 b - a +0 animal skin (worn)
Scrolls
 c - a scroll of magic mapping {unknown}
 e - 5 scrolls of identify {unknown}
 g - a scroll of amnesia {unknown}
 j - 2 scrolls of teleportation {unknown}
 k - a scroll of blinking {unknown}
Potions
 d - a potion of lignification {unknown}
 f - 2 potions of curing {unknown}
 h - 2 potions of haste {unknown}
 i - a potion of heal wounds {unknown}


   Skills:
 + Level 4.6 Fighting
 * Level 3.5 Maces & Flails
 * Level 3.5 Dodging


You had 3 spell levels left.
You didn't know any spells.
Your spell library was empty.

Dungeon Overview and Level Annotations

Branches:
Dungeon (2/15)

Altars:
Dithmenos


Innate Abilities, Weirdness & Mutations

You are too large for most types of armour.
You have tough skin. (AC +1)


Message History

The centaur shoots an arrow.
The arrow hits you!
You see here an arrow.
The centaur shoots an arrow.
The arrow closely misses you.
You see here an arrow.
The centaur shoots an arrow.
The arrow hits you.
* * * LOW HITPOINT WARNING * * *
You see here an arrow.
The centaur shoots an arrow.
The arrow hits you.
* * * LOW HITPOINT WARNING * * *
The centaur shoots an arrow.
The arrow hits you but does no damage.
You see here 2 arrows.
Okay, then.
Okay, then.
Okay, then.
You start resting.
The centaur shoots an arrow.
The arrow hits you!
* * * LOW HITPOINT WARNING * * *
A red film seems to cover your vision as you go berserk!
You feel yourself moving faster!
You feel mighty!
The centaur shoots an arrow.
The arrow hits you!
You die...

####§§§§§§ #..(..#
#§#§#§#§ ##.(.##
#.##§§§# ##'##
#.###§## #(#
#.##..# ####.#
#.....####..c.###
##.###.##(.......#
#...##.##(#.....>#
#.#....((>.......#
#...##.##.#........
##@###.##........##
#...c.####....###
####### ####.# #.#
#.# #.# ### #.#
##.## #####.####
##...#####.........
#............#.###.
##...#####.<....##.


You could see a centaur.

Vanquished Creatures
  Jessica (D:2)
  Natasha (D:2)
  A dart slug (D:1)
  A giant cockroach (D:1)
  3 goblins (D:1)
  4 hobgoblins
  A bat (D:2)
  4 frilled lizards
  4 kobolds
  3 rats
23 creatures vanquished.

Notes
Turn   | Place    | Note
-------+----------+-------------------------------------------
     0 | D:1      | om the Ogre Berserker began the quest for the Orb.
     0 | D:1      | Reached XP level 1. HP: 24/24 MP: 1/1
   324 | D:1      | Reached XP level 2. HP: 30/32 MP: 2/2
   987 | D:2      | Found a faded altar of an unknown god.
  1069 | D:2      | Noticed Natasha
  1070 | D:2      | Noticed a crimson imp
  1076 | D:2      | Killed Natasha
  1076 | D:2      | Reached XP level 3. HP: 40/40 MP: 3/3
  1216 | D:2      | Noticed Jessica
  1228 | D:2      | Killed Jessica
  1228 | D:2      | Reached XP level 4. HP: 48/49 MP: 4/4
  1430 | D:2      | Found a shadowy altar of Dithmenos.
  1460 | D:2      | Noticed a centaur
  1481 | D:2      | Shot with an arrow by a centaur

Illustrated notes

Levels and vault maps discovered:
D:1:      lordsloth_arrival_two_stooges, layout_loops_ring
D:2:      layout_loops_corners, grunt_dithmenos_smoke_and_mirrors,
          chequers_ecumenical_altar_island, uniq_jessica, uniq_natasha

Skill      XL: |  1  2 |
---------------+-------+-----
Maces & Flails | 3 |  3.5
Dodging        | 3 |  3.5
Fighting       | |  4.6

Action                   |  1- 3 |  4- 6 || total
-------------------------+-------+-------++-------
Melee: Mace              |    42 |     2 ||    44
Invok: Berserk           |     1 |     1 ||     2
Armor: Animal skin       |     7 |     1 ||     8
Dodge: Dodged            |    19 |     2 ||    21

Table legend: (Time is in decaauts)
 A = Elapsed time spent in this place.
 B = Non-inter-level travel time spent in this place.
 C = Inter-level travel time spent in this place.
 D = Time resting spent in this place.
 E = Time spent auto-exploring this place.
 F = Levels seen in this place.
 G = Mean time per level.
                   A        B        C        D        E       F      G
               +--------+--------+--------+--------+--------+-----+--------+
         Total |   1504 |   1488 |     16 |    166 |   1142 |   2 |  752.0 |
       Dungeon |   1504 |   1488 |     16 |    166 |   1142 |   2 |  752.0 |
               +--------+--------+--------+--------+--------+-----+--------+

Top non-repeatable levels by time:
     D:1: 753 daAuts
     D:2: 750 daAuts
